 Dungeon Crawl Stone Soup version 0.28-a0-724-g66f9036eb4 (webtiles) character file.

Game seed: 10008880419903855401

1442 ytrimaz the Cleaver (level 9, -8/66 (69) HPs)
             Began as a Formicid Fighter on Oct 26, 2021.
             Mangled by a two-headed ogre (16 damage)
             ... on level 6 of the Dungeon.
             The game lasted 00:05:36 (6653 turns).

ytrimaz the Cleaver (Formicid Fighter)              Turns: 6653, Time: 00:05:37

HP:   -8/66 (69)    AC: 10    Str: 23    XL:     9   Next: 4%
MP:   9/9           EV:  8    Int:  9    God:
Gold: 189           SH:  9    Dex: 10    Spells: 8/8 levels left

rFire   . . .      SeeInvis +   a - +1 war axe
rCold   . . .      Faith    .   c - +0 buckler
rNeg    . . .      Spirit   .   f - +0 chain mail
rPois   .          Reflect  +   (helmet unavailable)
rElec   .          Harm     .   (no cloak)
rCorr   .          Rampage  .   (no gloves)
Will    .....                   (no boots)
Stlth   ..........              e - amulet of reflection
HPRegen 0.21/turn               (no ring)
MPRegen 0.11/turn               (no ring)

@: mighty, flying, lightly drained
A: permanent stasis, dig shafts and tunnels, antennae 3, four strong arms, wild
magic 1, no potion heal 1, MP-powered wands
a: Dig, Shaft Self


You were on level 6 of the Dungeon.
You visited 1 branch of the dungeon, and saw 6 of its levels.

You collected 189 gold pieces.

Inventory:

Hand Weapons
 a - a +1 war axe (weapon)
Armour
 c - a +0 buckler (worn)
 f - a +0 chain mail (worn)
Jewellery
 e - an amulet of reflection (around neck)
 k - an amulet of guardian spirit
Wands
 h - a wand of paralysis (10)
 i - a wand of iceblast (8)
 l - a wand of flame (19)
 p - a wand of acid (6)
Scrolls
 g - 2 scrolls of enchant weapon
 n - a scroll of amnesia
Potions
 b - 2 potions of brilliance
 d - a potion of might


   Skills:
 + Level 5.8 Fighting
 + Level 8.1 Axes
 + Level 6.7 Armour
 - Level 3.6 Shields
 + Level 0.3 Evocations


You had 8 spell levels left.
You didn't know any spells.
Your spell library contained the following spells:

 Spells                   Type           Power      Damage    Failure   Level
 Slow                     Hex            0%         N/A       99%         2
 Confusing Touch          Hex            0%         N/A       100%        3
 Ozocubu's Armour         Ice            0%         N/A       100%        3
 Vampiric Draining        Necr           0%         2d6       100%        3
 Ozocubu's Refrigeration  Ice            0%         4d5       100%        7


Dungeon Overview and Level Annotations

Branches:
Dungeon (6/15)
 Temple: D:4-7

Altars:
Ashenzari
Ru
Sif Muna
Trog
Uskayaw

Shops:
D:6 *


Innate Abilities, Weirdness & Mutations

You cannot be hasted, slowed, berserked, paralysed or teleported.
You can dig through walls and to a lower floor.
You have a pair of large antennae on your head. (SInv)
Your four strong arms can wield two-handed weapons with a shield.
Your spells are a little harder to cast, but a little more powerful.
Potions are less effective at restoring your health.
You expend magic power (3 MP) to strengthen your wands.


Message History

You block the necrophage's attack.
It was a potion of mutation.
You feel extremely strange.
Your system partially rejects the healing effects of potions.
You feel less in control of your magic.
You feel your magical essence link to the dungeon's wands.
The necrophage barely misses you.
The two-headed ogre hits you with a +0 giant spiked club!
The two-headed ogre hits you with a +0 giant club!
* * * LOW HITPOINT WARNING * * *
It was a potion of flight.
You feel very buoyant.
You fly up into the air.
The necrophage hits you but does no damage.
The two-headed ogre hits you with a +0 giant spiked club.
* * * LOW HITPOINT WARNING * * *
The two-headed ogre hits you with a +0 giant club.
* * * LOW HITPOINT WARNING * * *
You slash the two-headed ogre!
The two-headed ogre is severely wounded.
You barely miss the necrophage. You block the necrophage's attack.
You barely miss the two-headed ogre.
The two-headed ogre is severely wounded.
You slash the necrophage! You block the two-headed ogre's attack.
The two-headed ogre hits you but does no damage.
The necrophage hits you.
* * * LOW HITPOINT WARNING * * *
You feel drained.
You slash the two-headed ogre!
The two-headed ogre is almost dead.
You barely miss the necrophage.
The two-headed ogre completely misses you.
You block the two-headed ogre's attack.
The necrophage hits you but does no damage.
Unknown command.
You barely miss the two-headed ogre.
The two-headed ogre is almost dead.
You hit the necrophage. The necrophage closely misses you.
You block the two-headed ogre's attack.
The two-headed ogre hits you with a +0 giant club!
You die...

....###.###....
.###.##.##.###.
..###.#.#u###.. .
...####.####..# ## ..
.#....98.....## . ...
.#..####S####...
##.........###.#n#.###..
##..##....###.##@##.###.
....##..#....###O###....
###..........##.l.##...#
# #.##..#....#.....#....
# #.##..#.#.............
###.......#.##...##.##..
........###.##.<.##.# #
###.##.##..†..........
###.##.##.###...###.##


You could see a purple ugly thing, a two-headed ogre, a wyvern, a gargoyle, a
necrophage and an adder.

Vanquished Creatures
  Grinder (D:6)
  2 water moccasins
  A sky beast (D:5)
  3 ogres
  3 phantoms
  A bullfrog (D:6)
  A hound (D:5)
  4 jellies (D:4)
  An orc priest (D:3)
  Ijyb (D:5)
  An iguana (D:5)
  3 gnolls (D:4)
  3 adders
  A shadow imp (D:5)
  6 worms
  4 dart slugs
  7 orcs
  7 bats
  13 endoplasms
  A giant cockroach (D:4)
  4 goblins
  5 hobgoblins
  5 quokkas
  5 ball pythons
  A frilled lizard (D:3)
  15 kobolds
  5 rats
104 creatures vanquished.

Vanquished Creatures (others)
  4 fungi (D:4)
  8 toadstools (D:4)
12 creatures vanquished.

Grand Total: 116 creatures vanquished

Notes
Turn   | Place    | Note
-------+----------+-------------------------------------------
     0 | D:1      | ytrimaz the Formicid Fighter began the quest for the Orb.
     0 | D:1      | Reached XP level 1. HP: 18/18 MP: 1/1
   207 | D:1      | Reached XP level 2. HP: 24/24 MP: 2/2
   496 | D:1      | Found a faded altar of an unknown god.
   509 | D:1      | Reached XP level 3. HP: 28/30 MP: 3/3
  1698 | D:3      | Noticed a phantom
  1706 | D:3      | Reached skill level 3 in Axes
  1706 | D:3      | Reached XP level 4. HP: 5/37 MP: 4/4
  1707 | D:3      | Killed a phantom
  1708 | D:3      | Reached XP level 5. HP: 5/42 MP: 5/5
  2059 | D:3      | Reached skill level 4 in Axes
  2586 | D:3      | Noticed a moth of wrath
  2589 | D:3      | Found a bloodstained altar of Trog.
  3111 | D:4      | Reached XP level 6. HP: 47/48 MP: 6/6
  3127 | D:4      | Found a sacrificial altar of Ru.
  3738 | D:4      | Reached skill level 5 in Axes
  3738 | D:4      | Reached skill level 5 in Armour
  3850 | D:4      | Reached XP level 7. HP: 22/55 MP: 7/7
  4417 | D:4      | Identified the +1 robe "Fifyfrus" {Regen+ rCorr}
  4516 | D:5      | Entered Level 5 of the Dungeon
  4710 | D:5      | Reached skill level 6 in Axes
  4715 | D:5      | Noticed a water moccasin
  4725 | D:5      | Killed a water moccasin
  4726 | D:5      | Reached skill level 5 in Fighting
  4726 | D:5      | Reached XP level 8. HP: 17/62 MP: 8/8
  4980 | D:5      | Found a broken altar of Ashenzari.
  5427 | D:5      | Noticed Ijyb
  5440 | D:5      | Killed Ijyb
  5441 | D:5      | Reached skill level 7 in Axes
  5585 | D:5      | Found a shimmering blue altar of Sif Muna.
  5656 | D:5      | Found a hide-covered altar of Uskayaw.
  6442 | D:6      | Found Miujoer's Assorted Antiques.
  6513 | D:6      | Noticed Grinder
  6523 | D:6      | Killed Grinder
  6524 | D:6      | Reached skill level 8 in Axes
  6571 | D:6      | Reached XP level 9. HP: 55/69 MP: 9/9
  6631 | D:6      | Noticed a two-headed ogre
  6639 | D:6      | Noticed a gargoyle
  6639 | D:6      | Noticed a purple ugly thing
  6648 | D:6      | Gained mutation: Potions are less effective at restoring
                  | your health. [potion of mutation]
  6648 | D:6      | Gained mutation: Your spells are a little harder to cast,
                  | but a little more powerful. [potion of mutation]
  6648 | D:6      | Gained mutation: You expend magic power (3 MP) to
                  | strengthen your wands. [potion of mutation]
  6653 | D:6      | Mangled by a two-headed ogre

Illustrated notes

Levels and vault maps discovered:
D:1:      lightli_iron_boxes, layout_loops_corners,
          ebering_ecumenical_altar_abandoned
D:2:      layout_loops_ring, uniq_crazy_yiuf_cottage
D:3:      layout_loops_ring, tgw_trog, kennysheep_another_room,
          kennysheep_generic_room_4
D:4:      cheibrodos_fertilizer, layout_basic, mainiacjoe_overflow_tiny_flanked
D:5:      minmay_skewed_foursquare, layout_loops_ring, old_standard_altar,
          nicolae_sif_muna_condensation, nicolae_ashenzari_panopticon,
          dk_noncrumbling_2, uniq_ijyb
D:6:      layout_loops_ring, serial_shops, shop, kb_rosetta, uniq_grinder

Skill      XL: |  1  2  3  4  5  6  7  8 |
---------------+-------------------------+-----
Axes           | 3 4 5 6 8 |  8.1
Armour         | 4 5 6 |  6.7
Fighting       | 4 5 |  5.8
Shields        | |  3.6
Evocations     | |  0.3

Action                   |  1- 3 |  4- 6 |  7- 9 || total
-------------------------+-------+-------+-------++-------
Melee: War axe           |    64 |   121 |   132 ||   317
 Abil: Dig               |     1 |       |     1 ||     2
Evoke: Wand              |       |       |     3 ||     3
  Use: Scroll            |     4 |     1 |     3 ||     8
       Potion            |     1 |     2 |     4 ||     7
 Stab: Paralysed         |       |       |     4 ||     4
Armor: Scale mail        |     3 |       |       ||     3
       Chain mail        |    48 |    76 |    38 ||   162
       Skin              |       |     3 |       ||     3
Dodge: Dodged            |    38 |    44 |    42 ||   124
Block: Buckler           |    14 |    56 |    46 ||   116

Table legend: (Time is in decaauts)
 A = Elapsed time spent in this place.
 B = Non-inter-level travel time spent in this place.
 C = Inter-level travel time spent in this place.
 D = Time resting spent in this place.
 E = Time spent auto-exploring this place.
 F = Levels seen in this place.
 G = Mean time per level.
                   A        B        C        D        E       F      G
               +--------+--------+--------+--------+--------+-----+--------+
         Total |   6733 |   6613 |    120 |   1753 |   3749 |   6 | 1122.2 |
       Dungeon |   6733 |   6613 |    120 |   1753 |   3749 |   6 | 1122.2 |
               +--------+--------+--------+--------+--------+-----+--------+

Top non-repeatable levels by time:
     D:4: 1452 daAuts
     D:3: 1412 daAuts
     D:5: 1313 daAuts
     D:1: 1018 daAuts
     D:6: 839 daAuts
     D:2: 697 daAuts
